 Seeded DCSS version 0.27.1-3-gb3d3a73c9e (webtiles) character file.

Game seed: 17853175367328873602 (custom seed)

63815 EnegeticOcto the Severer (level 14, -2/141 HPs)
             Began as a Minotaur Fighter on Oct 12, 2021.
             Was an Initiate of Gozag.
             Slain by a bunyip (31 damage)
             ... called by a spriggan druid
             ... on level 2 of the Swamp.
             The game lasted 00:09:52 (16044 turns).

EnegeticOcto the Severer (Minotaur Fighter)        Turns: 16044, Time: 00:09:52

Health: -2/141     AC: 25    Str: 26    XL:     14   Next: 69%
Magic:  13/13      EV: 11    Int:  7    God:    Gozag
Gold:   1667       SH:  0    Dex: 10    Spells: 13/13 levels left

rFire    + + .     SeeInvis +   s - +9 battleaxe (flame)
rCold    . . .     Faith    .   (shield currently unavailable)
rNeg     . . .     Spirit   .   G - +4 plate armour {Will+}
rPois    +         Reflect  .   h - +1 hat
rElec    .         Harm     .   (no cloak)
rCorr    +         Rampage  .   g - +0 pair of gloves {archery}
Will     +++..                  t - +1 pair of boots {Fly}
Stlth    ..........             c - amulet of regeneration
HPRegen  1.33/turn              C - ring "Xohairph" {Will+ rCorr}
MPRegen  0.13/turn              i - ring of Cuse {Drain rPois rF++ Int+2 SInv, =R}

@: gold aura, flying
A: horns 2, retaliatory headbutt
a: Renounce Religion, Potion Petition, Call Merchant, Bribe Branch


You were on level 2 of the Swamp.
You worshipped Gozag.
Gozag was most pleased with you.
You visited 4 branches of the dungeon, and saw 20 of its levels.
You visited 1 bazaar.
You also visited: Bailey.

You collected 5184 gold pieces.
You spent 3463 gold pieces at shops.
You paid 54 gold pieces to Gozag.

Inventory:

Hand Weapons
 s - a +9 battleaxe of flaming (weapon)
Missiles
 D - a throwing net (quivered)
Armour
 g - a +0 pair of gloves of archery (worn)
 h - a +1 hat (worn)
 t - a +1 pair of boots of flying (worn)
 G - a +4 plate armour of willpower (worn)
Jewellery
 c - an amulet of regeneration (around neck)
 i - the ring of Cuse (right hand) {Drain rPois rF++ Int+2 SInv, =R}
   (You bought it in a shop in a bazaar)

   [ring of see invisible]

   Int:       It affects your intelligence (+2).
   rF:        It greatly protects you from fire.
   rPois:     It protects you from poison.
   SInv:      It lets you see invisible.
   Drain:     It drains your maximum health when unequipped.
 x - an amulet of magic regeneration
 y - a +6 ring of intelligence
 C - the ring "Xohairph" (left hand) {Will+ rCorr}
   (You acquired it on level 7 of the Dungeon)

   [ring of willpower]

   rCorr:     It protects you from acid and corrosion.
   Will:      It increases your willpower.
 I - a ring of protection from fire
 N - a ring of wizardry
 P - a ring of poison resistance
 S - a ring of protection from fire
Wands
 n - a wand of digging (13) {@v3}
 F - a wand of paralysis (6)
 J - a wand of mindburst (15)
 K - a wand of charming (18)
 L - a wand of polymorph (6)
 O - a wand of acid (1) {@v1}
Scrolls
 j - 3 scrolls of teleportation {@r3}
 o - a scroll of holy word
 p - 2 scrolls of magic mapping {@r5}
 u - 2 scrolls of blinking {@r4}
 v - 4 scrolls of fear
 E - 2 scrolls of immolation
 M - a scroll of vulnerability
 T - a scroll of fog
Potions
 b - 3 potions of haste {@q4}
 d - 5 potions of might {@q3}
 e - 5 potions of flight
 f - 6 potions of lignification
 k - a potion of attraction
 l - 3 potions of ambrosia
 m - a potion of heal wounds {@q2}
 q - 4 potions of brilliance
 r - 3 potions of berserk rage
 w - 2 potions of cancellation
 z - 10 potions of curing {@q1}
 A - 4 potions of mutation
 R - a potion of magic
Miscellaneous
 B - a tin of tremorstones (2/2)
 Q - a box of beasts
 V - a condenser vane


   Skills:
 + Level 17.8 Fighting
 * Level 18.9 Axes
 + Level 13.7 Armour
 + Level 12.1 Dodging
 - Level 4.2 Shields


You had 13 spell levels left.
You didn't know any spells.
Your spell library was empty.

Dungeon Overview and Level Annotations

Branches:
Dungeon (14/15)            Temple (1/1) D:5            Lair (3/6) D:11
  Swamp (2/4) Lair:3       Spider (0/4) Lair:2          Orc (0/2) D:9
 Vaults (0/5) D:13         Bailey (visited)

Altars:
Cheibriados
Fedhas
Gozag
Hepliaklqana
Kikubaaqudgha
Qazlal
Sif Muna
Trog
Xom
Yredelemnul
Zin
The Shining One

Shops:
D:1 (=[[   D:3 [   D:12 [(   D:14 (

Annotations:
D:3 1 runed translucent door, loralnil's ghost, amateur DrEE
D:5 2 transporters, BrandedWarrior's ghost, novice MiGl
D:6 exclusion: oklob plant
Lair:1 1 runed translucent door, emiel's ghost, journeyman DsEE
Lair:3 exclusion: 2 oklob plants


Innate Abilities, Weirdness & Mutations

You have a pair of horns on your head.
You reflexively headbutt those who attack you in melee.


Message History

The goliath frog barely misses you.
You are too injured to fight recklessly!
You are too injured to fight recklessly!
You are too injured to fight recklessly!
You are too injured to fight recklessly!
You are too injured to fight recklessly!
You are too injured to fight recklessly!
You are too injured to fight recklessly!
You are too injured to fight recklessly!
You are too injured to fight recklessly!
You are too injured to fight recklessly!
You are too injured to fight recklessly!
You miss the goliath frog. You hit the swamp worm. You burn the swamp worm.
You slash the swamp worm! You burn the swamp worm.
The swamp worm barely misses you. You furiously retaliate!
You headbutt the swamp worm! The swamp worm bites you.
The goliath frog hits you!
* * * LOW HITPOINT WARNING * * *
You are splashed with acid.
You resist.
* * * LOW HITPOINT WARNING * * *
You slice the goliath frog!! You burn the goliath frog.
You kill the goliath frog!
You slash the swamp worm! You burn the swamp worm. You slash the swamp worm!
You burn the swamp worm. You slash the swamp dragon! You burn the swamp dragon.
You slice the spriggan druid!! You burn the spriggan druid.
The swamp worm closely misses you. You furiously retaliate!
You headbutt the swamp worm, but do no damage.
The swamp worm bites you but does no damage.
The spriggan druid calls out to the beasts of the wild!
A bunyip comes into view.
The bunyip gives a hideous shriek!
The swamp dragon is distracted by your dazzling golden aura.
The swamp worm bites you!
* * * LOW HITPOINT WARNING * * *
The spriggan druid hits you but does no damage.
You see here 7 gold pieces.
The swamp dragon roars deafeningly!
You slash the spriggan druid! You burn the spriggan druid.
With its final breath, the spriggan druid offers up its power to the beasts of the wild!
The swamp worm is healed.
The swamp dragon is healed.
The swamp worm is healed.
The swamp worm seems to grow more fierce.
The swamp dragon seems to grow more fierce.
The swamp worm seems to grow more fierce.
The swamp drake seems to grow more fierce.
The bunyip seems to grow more fierce.
You kill the spriggan druid!
You slice the swamp worm!! You burn the swamp worm!
You kill the swamp worm!
You hit the swamp worm. You burn the swamp worm.
The bog body is distracted by your dazzling golden aura.
The swamp worm bites you!
* * * LOW HITPOINT WARNING * * *
The swamp drake is distracted by your dazzling golden aura.
The swamp drake roars!
You slash the swamp worm! You burn the swamp worm.
You kill the swamp worm!
The bunyip howls a warning cry!
You hear a chilling moan.
You hear a roar!
You hear a deafening roar! x2
You hear a shout! x3
The bog body is no longer distracted by gold.
The swamp dragon is no longer distracted by gold.
The swamp dragon is distracted by your dazzling golden aura.
Things that are here:
6 gold pieces; a +0 quarterstaff; a +0 robe You closely miss the swamp drake.
The swamp drake is no longer distracted by gold.
The swamp dragon roars deafeningly!
You headbutt the swamp drake!
The swamp drake is moderately wounded.
A tyrant leech comes into view.
You slice the bunyip!! You burn the bunyip. You headbutt the bunyip.
The bunyip is moderately wounded.
You barely miss the swamp drake.
The swamp drake is distracted by your dazzling golden aura.
The bunyip completely misses you. The bunyip barely misses you.
The bunyip closely misses you.
You hit the bunyip but do no damage.
The bunyip is moderately wounded.
You closely miss the swamp drake.
The swamp drake is no longer distracted by gold.
The swamp dragon is no longer distracted by gold.
The swamp drake closely misses you.
You barely miss the bunyip. Your headbutt misses the bunyip.
The bunyip is moderately wounded.
You closely miss the swamp drake. The swamp drake misses you.
You hit the bunyip. You burn the bunyip.
The bunyip is moderately wounded.
You slice the swamp drake!! You burn the swamp drake.
You kill the swamp drake!
You barely miss the swamp dragon.
The swamp dragon breathes poison at you.
The blast of poison misses you.
The bog body is distracted by your dazzling golden aura.
You closely miss the swamp dragon.
You headbutt the swamp dragon, but do no damage.
You slice the bunyip!! You burn the bunyip.
The bunyip claws you but does no damage.
The bunyip claws you!!
You die...
Your body crumbles into a pile of gold.

≈.. ♣§♣≈.♣.§≈.#
≈≈.♣♣
♣≈≈≈..♣≈..#
.≈≈.≈.♣
♣.♣≈≈......
.≈≈.≈≈.
♣.♣$♣..♣≈..
≈..≈...♣♣w≈≈≈..♣
...
.≈≈≈≈....≈≈≈≈♣♣
.# $
.♣♣§≈≈☼☼$.≈≈≈.♣
#
.≈≈≈.≈♣○x☼≈§≈≈♣
....≈..☼@☼.≈..♣
≈.....$☼D♣≈≈≈..♣
........n☼≈≈♣≈≈♣
..####....≈≈.≈.♣
. ..#..≈≈.≈≈.≈
...##..≈...≈≈
.#.. ......≈
.###. ...≈.≈ ..
.. .....≈


You could see a bunyip (strong), a swamp dragon (strong, catching breath), a
tyrant leech and a bog body.

Vanquished Creatures
  Rupert (D:14)
  Kirke (D:14)
  A bunyip (Swamp:2)
  Josephine (D:11)
  A shambling mangrove (Swamp:1)
  Fannar (D:11)
  3 boulder beetles
  7 hydras
  9 two-headed ogres
  A catoblepas (D:14)
  4 death yaks (Lair:3)
  An alligator (Swamp:1)
  3 tengu warriors
  2 goliath frogs
  2 spriggan druids (Swamp:2)
  3 wizards
  A bog body (Swamp:2)
  A flayed ghost (D:13)
  Pikel (D:6)
  3 deep elf pyromancers (D:13)
  7 cyclopes
  10 ugly things
  3 manticores
  Maurice (D:10)
  A black mamba (Lair:3)
  2 gargoyles
  Maggie (D:7)
  7 cane toads
  An efreet (D:13)
  2 freezing wraiths (D:13)
  2 unseen horrors (D:11)
  2 kobold demonologists
  A tengu conjurer (D:14)
  4 komodo dragons
  4 trolls
  3 tyrant leeches (Swamp:1)
  5 slime creatures (D:11)
  3 meliai (D:14)
  3 hornets
  A shadow (D:11)
  A water elemental (D:14)
  A vampire (D:12)
  2 redbacks (Lair:2)
  2 wyverns
  3 hogs (D:14)
  35 yaks
  5 wraiths
  A basilisk (Lair:3)
  3 vampire mosquitoes
  2 steam dragons
  Menkaure (D:7)
  2 swamp worms (Swamp:2)
  2 acid dragons
  9 water moccasins
  Duvessa (D:7)
  2 swamp drakes
  A black bear (Lair:2)
  An ice beast (shapeshifter) (D:13)
  5 orc warriors
  2 ice beasts
  4 sky beasts
  3 ogres
  5 centaurs
  4 lemures (D:6)
  10 bullfrogs
  3 gnoll sergeants
  Dowan (D:7)
  5 scorpions
  A wyvern skeleton (D:6)
  A water moccasin skeleton (D:4)
  A killer bee (D:9)
  12 wights
  A crimson imp (D:4)
  3 howler monkeys
  A bullfrog zombie (D:7)
  8 centaur zombies
  A hound (D:5)
  5 orc priests
  6 jellies (D:6)
  A bullfrog skeleton (D:6)
  Jessica (D:3)
  4 iguanas
  Terence (D:3)
  Natasha (D:2)
  4 orc wizards
  3 hound skeletons
  Robin (D:3)
  7 adders
  16 gnolls
  A shadow imp (D:6)
  3 white imps
  2 ufetubi
  2 worms
  2 dart slugs (D:1)
  19 orcs
  17 endoplasms
  3 giant cockroaches
  12 goblins
  14 hobgoblins
  2 jackals (D:5)
  5 quokkas
  11 ball pythons
  3 bats
  4 frilled lizards
  10 kobolds
  6 rats
421 creatures vanquished.

Vanquished Creatures (others)
  A bloated husk (Swamp:1)
  17 fungi
  15 plants
33 creatures vanquished.

Grand Total: 454 creatures vanquished

Notes
Turn   | Place    | Note
-------+----------+-------------------------------------------
     0 | D:1      | EnegeticOcto the Minotaur Fighter began the quest for the
                  | Orb.
     0 | D:1      | Reached XP level 1. HP: 19/19 MP: 0/0
     2 | D:1      | Reached skill level 7 in Axes
     2 | D:1      | Reached XP level 2. HP: 30/30 MP: 1/1
     7 | D:1      | Found Ymiphipywn's Antique Armour Shoppe.
    31 | D:1      | Found a faded altar of an unknown god.
   288 | D:1      | Identified a scroll of acquirement
   288 | D:1      | Acquired 1172 gold pieces
   300 | D:1      | Found Edghybrae's Jewellery Shoppe.
   337 | D:1      | Bought a pair of glowing gloves for 165 gold pieces
   337 | D:1      | Bought a shiny chain mail for 165 gold pieces
   445 | D:1      | Found Jipnam's Antique Weapon Shoppe.
   451 | D:1      | Reached XP level 3. HP: 29/37 MP: 2/2
   599 | D:1      | Found Lisolata's Antique Armour Shoppe.
   866 | D:2      | Noticed Natasha
   870 | D:2      | Killed Natasha
   871 | D:2      | Reached XP level 4. HP: 45/45 MP: 3/3
  1024 | D:2      | Found an ancient bone altar of Kikubaaqudgha.
  1510 | D:3      | Noticed Jessica
  1523 | D:3      | Killed Jessica
  1528 | D:3      | Found Laukhlesu's Armour Emporium.
  1533 | D:3      | Acquired a manual of Fighting
  1550 | D:3      | Reached XP level 5. HP: 51/51 MP: 4/4
  1723 | D:3      | Noticed Terence
  1732 | D:3      | Killed Terence
  1794 | D:3      | Reached skill level 8 in Axes
  1798 | D:3      | Found a stormy altar of Qazlal.
  1936 | D:3      | Found a blossoming altar of Fedhas.
  1955 | D:3      | Noticed Robin
  1973 | D:3      | Killed Robin
  2199 | D:3      | Found a runed translucent door.
  2200 | D:3      | Noticed loralnil's ghost (amateur DrEE)
  2363 | D:3      | Acquired a +3 battleaxe of flaming
  2445 | D:4      | Reached XP level 6. HP: 58/58 MP: 5/5
  2842 | D:4      | Reached skill level 1 in Dodging
  3241 | D:5      | Entered Level 5 of the Dungeon
  3269 | D:5      | Reached XP level 7. HP: 64/66 MP: 6/6
  3295 | D:5      | Reached skill level 5 in Armour
  3377 | D:5      | Reached skill level 9 in Axes
  3377 | D:5      | Noticed a yak
  3377 | D:5      | Noticed a yak
  3377 | D:5      | Noticed a yak
  3389 | D:5      | Found a staircase to the Ecumenical Temple.
  3538 | D:5      | Noticed a yak
  3539 | D:5      | Killed a yak
  3539 | D:5      | Noticed a yak
  3541 | D:5      | Noticed a yak
  3542 | D:5      | Killed a yak
  3543 | D:5      | Reached XP level 8. HP: 61/75 MP: 7/7
  3550 | D:5      | Reached skill level 10 in Axes
  3559 | Temple   | Entered the Ecumenical Temple
  3663 | Temple   | Became a worshipper of Gozag Ym Sagoz the Greedy
  3707 | D:5      | Found a transporter.
  3755 | D:5      | Found a transporter.
  3755 | D:5      | Noticed BrandedWarrior's ghost (novice MiGl)
  3833 | D:5      | Found a basalt altar of Yredelemnul.
  4249 | D:6      | Found a shimmering altar of Xom.
  4281 | D:6      | Reached XP level 9. HP: 85/85 MP: 8/8
  4302 | D:6      | Reached skill level 10 in Fighting
  4410 | D:6      | Noticed a two-headed ogre
  4417 | D:6      | Killed a two-headed ogre
  4418 | D:6      | Reached skill level 11 in Axes
  4418 | D:6      | Reached skill level 5 in Dodging
  5123 | D:6      | Noticed Pikel
  5138 | D:6      | Killed Pikel
  5293 | D:6      | Noticed an oklob plant
  5320 | D:6      | Reached XP level 10. HP: 80/96 MP: 9/9
  5541 | D:7      | Noticed Duvessa
  5541 | D:7      | Noticed Dowan
  5544 | D:7      | Reached skill level 12 in Axes
  5547 | D:7      | Killed Duvessa
  5549 | D:7      | Killed Dowan
  5693 | D:7      | Found a hazy altar of Hepliaklqana.
  5717 | D:7      | Noticed Menkaure
  5723 | D:7      | Killed Menkaure
  5871 | D:7      | Acquired the ring "Xohairph" {Will+ rCorr}
  6124 | D:7      | Noticed Maggie
  6132 | D:7      | Killed Maggie
  6238 | D:7      | Noticed a gargoyle
  6243 | D:7      | Killed a gargoyle
  6606 | D:1      | Bought a shiny plate armour for 858 gold pieces
  6633 | D:1      | Bought an amulet of regeneration for 300 gold pieces
  6945 | D:8      | Found a glowing silver altar of Zin.
  7216 | D:8      | Reached skill level 13 in Axes
  7473 | D:9      | Found a staircase to the Orcish Mines.
  7627 | D:9      | Reached XP level 11. HP: 93/106 MP: 10/10
  7717 | D:9      | Noticed a two-headed ogre
  7726 | D:9      | Killed a two-headed ogre
  7777 | D:9      | Paralysed by a hornet for 3 turns
  8163 | D:9      | Reached skill level 14 in Axes
  8254 | D:10     | Entered Level 10 of the Dungeon
  8298 | D:10     | Noticed Maurice
  8320 | D:10     | Killed Maurice
  8355 | D:10     | Noticed a two-headed ogre
  8359 | D:10     | Killed a two-headed ogre
  8360 | D:10     | Reached skill level 10 in Armour
  8397 | D:10     | Found a flagged portal.
  8408 | Bailey   | Entered a bailey
  8408 | Bailey   | Noticed an orc knight
  8871 | D:11     | Noticed a boulder beetle
  8881 | D:11     | Killed a boulder beetle
  8917 | D:11     | Noticed Josephine
  8922 | D:11     | Killed Josephine
  8923 | D:11     | Reached XP level 12. HP: 118/118 MP: 11/11
  8926 | D:11     | Reached skill level 15 in Axes
  9302 | D:11     | Noticed Fannar
  9310 | D:11     | Killed Fannar
  9379 | D:11     | Reached skill level 15 in Fighting
  9629 | D:11     | Noticed a two-headed ogre
  9635 | D:11     | Noticed a two-headed ogre
  9642 | D:11     | Killed a two-headed ogre
  9646 | D:11     | Killed a two-headed ogre
  9703 | D:11     | Reached skill level 16 in Axes
  9798 | D:11     | Found a staircase to the Lair.
 10086 | D:1      | Bought the ring "Zofryec" {rPois rF+ MP+9} for 529 gold
                  | pieces
 10326 | D:12     | Found a flickering gateway to a bazaar.
 10335 | Bazaar   | Entered a bazaar
 10335 | Bazaar   | Found Belim's Jewellery Emporium.
 10338 | Bazaar   | Found Epuzxu Xoum's Distillery.
 10344 | Bazaar   | Found Orelext's Distillery.
 10347 | Bazaar   | Bought a potion of curing for 45 gold pieces
 10347 | Bazaar   | Bought a potion of heal wounds for 75 gold pieces
 10348 | Bazaar   | Found Meumoic's Assorted Antiques.
 10358 | Bazaar   | Bought a scroll of teleportation for 87 gold pieces
 10358 | Bazaar   | Bought a scroll of enchant weapon for 217 gold pieces
 10366 | Bazaar   | Bought a potion of cancellation for 136 gold pieces
 10377 | Bazaar   | Bought the ring of Cuse {Drain rPois rF++ Int+2 SInv} for
                  | 676 gold pieces
 10384 | Bazaar   | Found Jaovodyg's Assorted Antiques.
 10392 | Bazaar   | Bought a pair of embroidered boots for 210 gold pieces
 10733 | D:12     | Found Hasokiuk's Armour Boutique.
 10850 | D:12     | Noticed an eight-headed hydra
 10856 | D:12     | Killed a five-headed hydra
 10857 | D:12     | Found Futafuc's Antique Weapon Shoppe.
 10952 | D:12     | Reached skill level 10 in Dodging
 11616 | Lair:1   | Entered Level 1 of the Lair of Beasts
 11635 | Lair:1   | Found a runed translucent door.
 11637 | Lair:1   | Noticed emiel's ghost (journeyman DsEE)
 11735 | Lair:1   | Noticed a seven-headed hydra
 11742 | Lair:1   | Killed a four-headed hydra
 11798 | Lair:1   | Reached XP level 13. HP: 121/128 MP: 12/12
 11866 | Lair:1   | You are sucked into a shaft and drop 1 floor!
 12073 | Lair:2   | Found a hole to the Spider Nest.
 12848 | Lair:3   | Found a staircase to the Swamp.
 12864 | Lair:3   | Reached skill level 17 in Axes
 13812 | D:13     | Found a gate to the Vaults.
 14188 | D:13     | Found the +7 pair of quick blades "Gyre" and "Gimble"
                  | {protect}
 14214 | D:13     | Reached XP level 14. HP: 130/140 MP: 13/13
 14486 | D:14     | Noticed Kirke
 14493 | D:14     | Reached skill level 18 in Axes
 14497 | D:14     | Killed Kirke
 15144 | D:14     | Found Hufotz's Antique Weapon Boutique.
 15179 | D:14     | Noticed Rupert
 15201 | D:14     | Killed Rupert
 15787 | Swamp:1  | Entered Level 1 of the Swamp
 16044 | Swamp:2  | Slain by a bunyip

Illustrated notes

Levels and vault maps discovered:
D:1:      psy_arrival_basics, layout_rooms, hellmonk_ecumenical_altar_run_dry,
          serial_shops, nicolae_lakefront_shop, shop, shop, shop
D:2:      minmay_chambers_of_twos, layout_basic, basic_altar,
          hangedman_decor_growths, uniq_natasha
D:3:      layout_rooms, mainiacjoe_overflow_brackets, general_overflow_altar,
          serial_shops, nicolae_shop_crystal, ebering_ghost_inner_flame,
          uniq_jessica, uniq_robin, uniq_terence
D:4:      layout_loops_ring, minmay_fire_ice_demons
D:5:      layout_rooms, overflow_temple_1_default,
          minmay_temple_entry_butterflies, gammafunk_ghost_abyssal_escape
D:6:      lemuel_slime, layout_layer_cave, mainiacjoe_overflow_catwalk,
          minmay_between, uniq_pikel
D:7:      layout_loops_ring, mainiacjoe_overflow_six_doors_small,
          minmay_microvault, uniq_duvessa, uniq_menkaure, uniq_maggie
D:8:      layout_loops_ring, mainiacjoe_overflow_alcove_1,
          kennysheep_decorative_pillar
D:9:      layout_gridville, orc_0_dummy, hangedman_minor_gate_pass
D:10:     layout_roguey, enter_bailey_6, uniq_maurice
D:11:     minmay_four_partial_circles, layout_basic,
          grunt_lair_entry_orc_guard_hut, uniq_josephine, uniq_fannar
D:12:     layout_layer_cave, serial_shops, bzr_in_the_mist,
          nicolae_shop_window_shopping, shop, evilmike_butchery
D:13:     minmay_the_grid_triangle_9x9_rhombus_thin_mashed
          [minmay_the_grid_triangle_9x9_wacky_v,
          minmay_the_grid_triangle_9x9_prize_schism,
          minmay_the_grid_triangle_9x9_zippers_horizontal,
          minmay_the_grid_triangle_9x9_intruding_spiral], layout_stronghold,
          david_vaults_1, kennysheep_nondescript
D:14:     layout_stronghold, serial_shops, shop, kennysheep_cluttered_room,
          hangedman_abyss_or_decor_jellyfish_corner, uniq_kirke, uniq_rupert
Temple:   eino_temple_rhombus
Lair:1:   layout_long_grid, gammafunk_ghost_grave
Lair:2:   layout_regular_city, spider_nest_entry_webs, grunt_megastairs_1
Lair:3:   layout_chaotic_city, swamp_mist_pool, hibernation_bobbens,
          minmay_lair_oklob_chamber, infiniplex_staircase_pool
Swamp:1:  layout_basic_swamp, evilmike_swamp_ruin_rubble_1
Swamp:2:  nicolae_swamp_wrong_neighborhood, layout_falls_marsh,
          serial_swamp_ruin, evilmike_swamp_ruin_rubble_2,
          evilmike_swamp_ruin_house_2, evilmike_swamp_ruin_house_3,
          uniq_jorgrun, uniq_roxanne

Skill      XL: |  1  2  3  4  5  6  7  8  9 10 11 12 13 14 |
---------------+-------------------------------------------+-----
Fighting       | 6 7 8 9 11 12 14 16 17 | 17.8
Axes           | 7 8 9 10 11 13 14 16 17 18 | 18.9
Armour         | 4 5 6 7 9 10 11 12 13 | 13.7
Shields        | 4 |  4.2
Dodging        | 1 2 4 5 7 8 10 11 12 | 12.1

Action                   |  1- 3 |  4- 6 |  7- 9 | 10-12 | 13-15 || total
-------------------------+-------+-------+-------+-------+-------++-------
Melee: War axe           |    67 |   112 |       |       |       ||   179
       Headbutt          |     8 |    20 |    20 |    90 |    73 ||   211
       Battleaxe         |       |    30 |   129 |   380 |   312 ||   851
Evoke: Wand              |       |       |       |       |     3 ||     3
  Use: Potion            |     1 |       |       |       |     2 ||     3
       Scroll            |     2 |     2 |       |    20 |    10 ||    34
 Stab: Distracted        |       |       |       |     1 |     2 ||     3
       Petrified         |       |       |       |       |     9 ||     9
       Petrifying        |       |       |       |       |     1 ||     1
Armor: Scale mail        |    13 |       |       |       |       ||    13
       Chain mail        |    19 |    83 |    72 |    20 |       ||   194
       Plate armour      |       |       |       |   199 |   172 ||   371
Dodge: Dodged            |    10 |    39 |    67 |   174 |   132 ||   422
Block: Kite shield       |    31 |    60 |       |       |       ||    91
